 Dungeon Crawl Stone Soup version 0.29.0-4-gdea44cf6ec (webtiles) character file.

Game seed: 8478908888040094824

73 qw the Chopper (level 4, -5/26 HPs)
             Began as a Tengu Warper on Aug 28, 2022.
             Slain by a gnoll
             ... wielding a +0 halberd
              (7 damage)
             ... on level 2 of the Dungeon.
             The game lasted 00:00:11 (1809 turns).

qw the Chopper (Tengu Warper)                       Turns: 1809, Time: 00:00:11

Health: -5/26      AC:  5    Str: 13    XL:     4   Next: 27%
Magic:  8/8        EV:  9    Int: 14    God:
Gold:   145        SH:  8    Dex: 13    Spells: 7/7 levels left

rFire   . . .      SeeInvis .   Y - +0 hand axe
rCold   . . .      Faith    .   j - +0 kite shield
rNeg    . . .      Spirit   .   f - +0 ring mail
rPois   .          Reflect  .   (helmet restricted)
rElec   .          Harm     .   (no cloak)
rCorr   .          Rampage  .   (no gloves)
Will    .....                   (boots unavailable)
Stlth   +.........              (no amulet)
HPRegen 0.08/turn               (no ring)
MPRegen 0.11/turn               (no ring)

@: no status effects
A: beak, talons 3
a: no special abilities


You were on level 2 of the Dungeon.
You visited 1 branch of the dungeon, and saw 2 of its levels.

You collected 145 gold pieces.


Innate Abilities, Weirdness & Mutations

You have a beak for a mouth.
You have claws for feet.


   Skills:
 - Level 2.0 Fighting
 - Level 4.1 Axes
 - Level 1.0 Throwing
 - Level 1.1 Armour
 - Level 2.1 Dodging
 + Level 2.0 Shields
 - Level 2.0 Spellcasting
 - Level 2.4 Translocations


You had 7 spell levels left.
You didn't know any spells.
Your spell library contained the following spells:

 Spells                   Type           Power      Damage    Failure   Level
 Blink                    Tloc           16%        N/A       67%         2
 Gell's Gravitas          Tloc           8%         N/A       88%         3
 Lesser Beckoning         Tloc           8%         N/A       88%         3
 Teleport Other           Tloc           8%         N/A       88%         3
 Manifold Assault         Tloc           8%         N/A       100%        5

Inventory:

Hand Weapons
 d - a +0 club
 Y - a +0 hand axe (weapon)
Armour
 f - a +0 ring mail (worn)
 j - a +0 kite shield (worn)
Scrolls
 a - 2 scrolls of identify
 b - 2 scrolls of enchant armour {unknown}
Potions
 c - a potion of curing {unknown}
 g - a potion of resistance

Dungeon Overview and Level Annotations

Branches:
Dungeon (2/15)

Altars:


Message History

The gnoll shouts!
A gnoll comes into view. It is wielding a +0 halberd.
The gnoll shouts!
A giant cockroach comes into view.
The gnoll barely misses you. You block the gnoll's attack.
You closely miss the gnoll. Your kick misses the gnoll.
The gnoll hits you with a +1 spear of pain.
The gnoll hits you from afar with a +0 spear.
You hit the gnoll. You claw the gnoll.
The gnoll is heavily wounded.
The gnoll hits you with a +1 spear of pain.
You writhe in agony.
You hit the gnoll.
You kill the gnoll!
The gnoll throws a throwing net.
You block the throwing net.
Your Shields skill increases to level 2!
You have reached level 4!
You feel clever. The gnoll barely misses you. You block the gnoll's attack.
You see here a +1 spear of pain.
You hit the gnoll. You peck the gnoll.
The gnoll is heavily wounded.
The gnoll barely misses you. The gnoll hits you with a +0 whip.
1805 ||| DRINKING potion of heal wounds.
You feel much better. You block the gnoll's attack. x2
You closely miss the gnoll. You peck the gnoll.
The gnoll is severely wounded.
The gnoll barely misses you. You block the gnoll's attack.
You barely miss the gnoll.
The gnoll is severely wounded.
The gnoll barely misses you.
The gnoll hits you from afar with a +0 spear.
You hit the gnoll.
You kill the gnoll!
The gnoll hits you from afar with a +0 spear!
The gnoll hits you from afar with a +0 spear.
Your Axes skill increases to level 4!
Found 15 gold pieces.
The gnoll hits you from afar with a +0 halberd!
You die...

##..........######.###...##
#......................#.##
#####..........#.#.##.#.##)##.#
...........#.....#.#.......##.#
#............###.#.#..#.##.##.#
#.##...................%.#.#.##
...#........####(###^##.#...##
....##...#<.# #)# #. #.##.##
.........#..# #@# .. ..##.#
....###### .# #g#.# #..##.#
...##


gB. #..##.# #.## ##.#. #.###.# #.# #.#.$ .. ... #.#######. #.# #. ... ..........
... .. ... #.######## #.. ## #.# You could see 2 gnolls and a giant cockroach.

Vanquished Creatures
  2 gnolls (D:2)
  3 worms (D:2)
  3 dart slugs (D:1)
  6 endoplasms
  A giant cockroach (D:1)
  3 goblins
  3 hobgoblins
  2 kobolds (D:1)
  2 quokkas
  2 ball pythons (D:1)
  6 bats
  3 frilled lizards
  4 rats
40 creatures vanquished.

Notes
Turn   | Place    | Note
-------+----------+-------------------------------------------
     0 | D:1      | qw the Tengu Warper began the quest for the Orb.
     0 | D:1      | Reached XP level 1. HP: 12/12 MP: 4/4
     0 | D:1      | 0 ||| qw: Version: 0.1-a-89-g26bdef1
     0 | D:1      | 0 ||| qw: Game counter: 2142
     0 | D:1      | 0 ||| qw: Always use a shield: true
     0 | D:1      | 0 ||| qw: God list: Okawaru
     0 | D:1      | 0 ||| qw: Allow faded altars: false
     0 | D:1      | 0 ||| qw: Do Orc after D:15 true
     0 | D:1      | 0 ||| qw: Do second Lair branch before Depths: true
     0 | D:1      | 0 ||| qw: Lair rune preference: random
     0 | D:1      | 0 ||| qw: Plans: Normal
     0 | D:1      | 0 ||| PLANNING D:1-11
    98 | D:1      | Reached XP level 2. HP: 12/17 MP: 6/6
   100 | D:1      | Reached skill level 3 in Axes
   840 | D:1      | Reached XP level 3. HP: 21/21 MP: 7/7
  1095 | D:1      | 1095 ||| UPGRADING to +0 ring mail.
  1105 | D:1      | 1105 ||| DROPPING +0 leather armour.
  1106 | D:1      | 1106 ||| UPGRADING to +0 kite shield.
  1111 | D:1      | 1111 ||| READING 3 scrolls labelled PUDIAR LIRHO.
  1112 | D:1      | 1112 ||| READING scroll labelled KOLOLE LITYMUE.
  1113 | D:1      | 1113 ||| DRINKING 2 metallic emerald potions.
  1114 | D:1      | 1114 ||| DRINKING 2 sapphire potions.
  1115 | D:1      | 1115 ||| DROPPING scroll of blinking.
  1139 | D:2      | 1139 ||| STAIRDANCE
  1145 | D:2      | 1145 ||| STAIRDANCE
  1275 | D:2      | Reached skill level 1 in Shields
  1362 | D:2      | Found the +7 Spriggan's Knife {stab, EV+4 Stlth+}
  1396 | D:2      | Found a faded altar of an unknown god.
  1803 | D:2      | Reached XP level 4. HP: 11/26 MP: 8/8
  1804 | D:2      | HP: 5/26 [gnoll/+0 whip (6)]
  1805 | D:2      | 1805 ||| DRINKING potion of heal wounds.
  1808 | D:2      | HP: 2/26 [gnoll/+0 spear (4)]
  1809 | D:2      | Reached skill level 4 in Axes
  1809 | D:2      | Slain by a gnoll

Levels and vault maps discovered:
D:1:      lemuel_arrival_hallway, layout_basic
D:2:      layout_loops_ring, basic_ecumenical_altar

Skill      XL: |  1  2  3  4 |
---------------+-------------+-----
Axes           | 3 4 |  4.1
Shields        | 2 |  2.0
Fighting       | |  2.0
Throwing       | |  1.0
Armour         | |  1.1
Dodging        | |  2.1
Spellcasting   | |  2.0
Translocations | |  2.4

Action                   |  1- 3 |  4- 6 || total
-------------------------+-------+-------++-------
Melee: Hand axe          |    98 |     4 ||   102
       Kick              |    28 |       ||    28
       Peck              |    16 |     2 ||    18
Throw: Boomerang         |     7 |       ||     7
  Use: Potion            |     2 |     1 ||     3
       Scroll            |     2 |       ||     2
Armor: Leather armour    |    16 |       ||    16
       Ring mail         |    13 |       ||    13
Dodge: Dodged            |    40 |     4 ||    44
Block: Kite shield       |    16 |     4 ||    20

Table legend:
 A = Non-vault XP
 B = Vault XP
 C = Vault XP percentage of total XP
 D = Non-vault monster count
 E = Vault monster count
 F = Vault count percentage of total count
                 A         B        C        D         E       F
            +---------+---------+-------+---------+---------+-------
      Total |     105 |       0 |   0.0 |      40 |       0 |   0.0
            +---------+---------+-------+---------+---------+-------
        D:1 |      48 |       0 |   0.0 |      25 |       0 |   0.0
        D:2 |      57 |       0 |   0.0 |      15 |       0 |   0.0
            +---------+---------+-------+---------+---------+-------
